 Dungeon Crawl Stone Soup version 0.29-a0-418-gc0181ea820 (webtiles) character file.

Game seed: 13313279408282007645

25 Conn the Firebug (level 3, -2/21 HPs)
             Began as an Octopode Fire Elementalist on May 17, 2022.
             Slain by Terence
             ... wielding a +0 mace
              (10 damage)
             ... on level 2 of the Dungeon.
             The game lasted 00:03:23 (1262 turns).

Conn the Firebug (Octopode Fire Elementalist)       Turns: 1262, Time: 00:03:24

Health: -2/21      AC:  1    Str:  7    XL:     3   Next: 6%
Magic:  6/6        EV: 13    Int: 19    God:
Gold:   57         SH:  0    Dex: 12    Spells: 5/6 levels left

rFire   . . .      SeeInvis .   d - +0 dagger (venom)
rCold   . . .      Faith    .   (no shield)
rNeg    + . .      Spirit   .   (helmet restricted)
rPois   .          Reflect  .   (no amulet)
rElec   .          Harm     .   g - ring of positive energy
rCorr   .          Rampage  .   (no ring)
Will    .....                   (no ring)
Stlth   +++.......              (no ring)
HPRegen 0.07/turn               (no ring)
MPRegen 0.10/turn               (no ring)
                                (no ring)
                                (no ring)

@: hasted, very quick
A: almost no armour, amphibious, 8 rings, camouflage 1, gelatinous body 1,
(nimble swimmer 1), tentacles
a: no special abilities


You were on level 2 of the Dungeon.
You visited 1 branch of the dungeon, and saw 2 of its levels.

You collected 57 gold pieces.

Inventory:

Hand Weapons
 d - a +0 dagger of venom (weapon)
Missiles
 j - 5 poisoned darts (quivered)
Jewellery
 g - a ring of positive energy (left tentacle)
Scrolls
 h - a scroll of blinking {unknown}
 k - a scroll of teleportation {unknown}
 l - a scroll of identify {unknown}
Potions
 a - a potion of magic
 b - a potion of attraction {unknown}
 e - a potion of haste
 i - 2 potions of lignification {unknown}


   Skills:
 + Level 0.4 Short Blades
 + Level 2.0 Dodging
 + Level 3.0 Stealth
 + Level 2.2 Spellcasting
 + Level 1.1 Conjurations
 + Level 3.6 Fire Magic


You had 5 spell levels left.
You knew the following spells:

 Your Spells              Type           Power      Damage    Failure   Level
a - Foxfire               Conj/Fire      44%        2x1d6     6%          1

Your spell library contained the following spells:

 Spells                   Type           Power      Damage    Failure   Level
 Scorch                   Fire           30%        2d7       5%          2
 Conjure Flame            Conj/Fire      11%        6-21      19%         3
 Inner Flame              Hex/Fire       9%         N/A       24%         3
 Ensorcelled Hibernation  Hex/Ice        4%         N/A       26%         2
 Spider Form              Tmut/Pois      2%         N/A       45%         3
 Flame Wave               Conj/Fire      11%        2d5       52%         4
 Anguish                  Hex/Necr       1%         N/A       86%         4


Dungeon Overview and Level Annotations

Branches:
Dungeon (2/15)

Altars:

Annotations:
D:2 Terence


Innate Abilities, Weirdness & Mutations

You cannot wear most types of armour.
You are amphibious.
You can wear up to eight rings at the same time.
Your skin changes colour to match your surroundings (Stealth+).
Your rubbery body absorbs attacks. (AC +1, EV +1)
((You are camouflaged when in or above water. (Stealth+)))
You have tentacles for arms and can constrict up to eight enemies at once.


Message History

Confirm with . or Enter, or press ? or * to list all spells.
Okay, then.
As you read the scroll labelled DAHIME PEEXAP, it crumbles to dust.
It is a scroll of brand weapon.
Your +0 dagger drips with poison.
d - a +0 dagger of venom (weapon)
Terence closely misses you.
You hit Terence but do no damage. You grab Terence.
You squeeze Terence, but do no damage.
Terence is lightly wounded.
You constrict Terence, but do no damage.
Terence hits you but does no damage.
You hit Terence but do no damage.
Terence is poisoned.
Terence is lightly wounded.
You constrict Terence. Terence closely misses you.
Casting: Foxfire (safe; 6% risk of failure)
Press: ? - help, Q - select action, (/) - cycle Dir - look around, f - activate
Okay, then.
Unknown command.
Unknown command.
Throw: 6 darts (poison)
Press: ? - help, Q - select action, (/) - cycle Shift-Dir - straight line, f - Terence
Aim: Terence, wielding a +0 mace and wearing a +0 chain mail (lightly wounded, constricted by you, very poisoned, 93% to hit)
You throw a poisoned dart. The poisoned dart hits Terence.
Terence looks even sicker.
Terence is lightly wounded.
You constrict Terence, but do no damage.
Terence closely misses you.
Okay, then.
As you read the scroll labelled WUESKEG GEWETZ, it crumbles to dust.
It is a scroll of amnesia.
Really abort (and waste the scroll)?
Okay, then.
You constrict Terence, but do no damage.
Terence hits you with a +0 mace.
Unknown command.
Okay, then.
It was a potion of haste.
You feel yourself speed up.
You constrict Terence. Terence hits you with a +0 mace!
You die...

# #..# ##.# # #...
#... # #.8.. ..8 #
#.. #. #.. #.#
#.##.## #.# ....#
#@# ###..# #@#
##....# #
#.#.####..##.### #
#.....##.###...## #
##<##.##.#####..####
#..................
####.#.########....
#...# ###.. #..##
#.. #..# #..


You could see Terence (very poisoned).

Vanquished Creatures
  A dart slug (D:1)
  2 ball pythons
  An endoplasm (D:1)
  4 goblins
  A hobgoblin (D:1)
  4 jackals (D:1)
  A bat (D:1)
  A frilled lizard (D:1)
  3 kobolds (D:1)
  2 rats
20 creatures vanquished.

Vanquished Creatures (others)
  26 foxfires (D:1)
26 creatures vanquished.

Grand Total: 46 creatures vanquished

Notes
Turn   | Place    | Note
-------+----------+-------------------------------------------
     0 | D:1      | Conn the Octopode Fire Elementalist began the quest for the
                  | Orb.
     0 | D:1      | Reached XP level 1. HP: 11/11 MP: 3/3
   355 | D:1      | Reached XP level 2. HP: 17/17 MP: 0/5
  1182 | D:2      | Reached XP level 3. HP: 21/21 MP: 6/6
  1253 | D:2      | Noticed Terence
  1262 | D:2      | Slain by Terence

Illustrated notes

Levels and vault maps discovered:
D:1:      wander_arrival_peaceful_grave, layout_loops_corners, serial_glass,
          glass_columns_b, glass_columns_a, glass_columns_a,
          due_unseen_surprise, feat_on_display, dreamdust_princess_corridor,
          minivault_24, serial_bayou_crossing
D:2:      layout_rooms, minivault_23, minmay_misc_feat_four_crosses,
          uniq_terence

Skill      XL: |  1  2 |
---------------+-------+-----
Stealth        | 3 |  3.0
Short Blades   | |  0.4
Dodging        | |  2.0
Spellcasting   | |  2.2
Conjurations   | |  1.1
Fire Magic     | |  3.6

Action                   || total
-------------------------++-------
Melee: Dagger            ||    23
       Constrict         ||     4
       Unarmed           ||     1
       Tentacles         ||     1
Throw: Dart              ||     1
 Cast: Foxfire           ||    14
  Use: Scroll            ||     2
       Potion            ||     1
 Stab: Sleeping          ||     7
Armor: Skin              ||     2
Dodge: Dodged            ||    12

Table legend: (Time is in decaauts)
 A = Elapsed time spent in this place.
 B = Non-inter-level travel time spent in this place.
 C = Inter-level travel time spent in this place.
 D = Time resting spent in this place.
 E = Time spent auto-exploring this place.
 F = Levels seen in this place.
 G = Mean time per level.
                   A        B        C        D        E       F      G
               +--------+--------+--------+--------+--------+-----+--------+
         Total |   1260 |   1243 |     17 |      0 |   1054 |   2 |  630.0 |
       Dungeon |   1260 |   1243 |     17 |      0 |   1054 |   2 |  630.0 |
               +--------+--------+--------+--------+--------+-----+--------+

Top non-repeatable levels by time:
     D:1: 1178 daAuts
     D:2: 81 daAuts
